 Dungeon Crawl Stone Soup version 0.24-a0-736-g4e6fe308c7 (webtiles) character file.

Game seed: 5050345073294734069, levelgen mode: deterministic

17 Kohma the Conjurer (level 2, -4/23 HPs)
             Began as a Draconian Conjurer on Oct 2, 2019.
             Slain by a worm (6 damage)
             ... on level 2 of the Dungeon.
             The game lasted 00:01:28 (901 turns).

Kohma the Conjurer (Draconian Conjurer)              Turns: 901, Time: 00:01:29

Health: -4/23      AC:  4    Str: 10    XL:     2   Next: 44%
Magic:  2/14       EV: 12    Int: 15    God:
Gold:   26         SH:  0    Dex: 11    Spells: 4/5 levels left

rFire    . . .     SeeInvis .   f - +0 dagger
rCold    . . .     Gourm    .   (no shield)
rNeg     . . .     Faith    .   (armour unavailable)
rPois    .         Spirit   .   (helmet restricted)
rElec    .         Reflect  .   (no cloak)
rCorr    .         Harm     .   (no gloves)
MR       .....                  (no boots)
Stlth    ++........             (no amulet)
HPRegen  0.07/turn              g - ring of magical power
MPRegen  0.14/turn              (no ring)

@: lethally poisoned (-4 -> -8)
A: unfitting armour, cold-blooded, AC +4
a: no special abilities


You were on level 2 of the Dungeon.
You were not hungry.

You visited 1 branch of the dungeon, and saw 2 of its levels.

You collected 26 gold pieces.

Inventory:

Hand Weapons
 f - a +0 dagger (weapon)
Missiles
 i - 70 stones (quivered)
Jewellery
 g - a ring of magical power (left hand)
Scrolls
 c - 2 scrolls of teleportation {unknown}
 d - a scroll of noise {unknown}
Potions
 a - a potion of invisibility {unknown}
 e - 2 potions of cancellation {unknown}
 h - a potion of mutation {unknown}
Comestibles
 b - 2 rations


   Skills:
 + Level 1.0 Fighting
 - Level 1.7 Dodging
 - Level 1.7 Stealth
 + Level 2.2 Spellcasting
 * Level 4.3 Conjurations


You had 4 spell levels left.
You knew the following spells:

 Your Spells              Type           Power        Failure   Level  Hunger
a - Magic Dart            Conj           ##..         3%          1    #......

Your spell library contained the following spells:

 Spells                   Type           Power        Failure   Level  Hunger
 Searing Ray              Conj           ##....       5%          2    ###....
 Dazzling Spray           Conj/Hex       #.....       26%         3    ###....
 Iskenderun's Mystic Bla  Conj           ##......     34%         4    #####..
 Force Lance              Conj/Tloc      #.......     65%         4    #####..
 Fulminant Prism          Conj/Hex       #.........   65%         4    #####..


Dungeon Overview and Level Annotations

Branches:
Dungeon (2/15)

Altars:
Ru
The Shining One


Innate Abilities, Weirdness & Mutations

Your plain brown scales are hard. (AC +4)
You cannot fit into any form of body armour.
You are cold-blooded and may be slowed by cold attacks.


Message History

The worm is lightly wounded.
Casting: Magic Dart (safe; 3% risk of failure)
Confirm with . or Enter, or press ? or * to list all spells.
Aiming: Magic Dart (safe; 3% risk of failure)
Press: ? - help, Shift-Dir - straight line, f/p - worm
Aim: a worm (lightly wounded)
The magic dart hits the worm.
The worm is moderately wounded.
The worm bites you!
* * * LOW HITPOINT WARNING * * *
Casting: Magic Dart (safe; 3% risk of failure)
Confirm with . or Enter, or press ? or * to list all spells.
Aiming: Magic Dart (safe; 3% risk of failure)
Press: ? - help, Shift-Dir - straight line, f/p - worm
Aim: a worm (moderately wounded)
The magic dart hits the worm.
The worm is moderately wounded.
* * * LOW HITPOINT WARNING * * *
You feel sick. The worm bites you.
You die...

.# # .###.# ##.....##
########.......+
.......<.####### ### #
########.# ..#.# #####.#
###.#.#
#.....###############......
#....>....@w........)......
#.....#########.###.#.#.#..
#.........##..........#....
#..<########.##.###.#####S.
#....##8#### #.#.... ..
#.....'._⌠# ..#.##. .
#.....'._⌠# ###. %. #
#....###### . ## #...##


You could see a worm.

Vanquished Creatures
  An adder (D:2)
  2 goblins
  A hobgoblin (D:2)
  A kobold (D:1)
  2 bats
  3 rats (D:1)
10 creatures vanquished.

Notes
Turn   | Place    | Note
-------+----------+-------------------------------------------
     0 | D:1      | Kohma the Draconian Conjurer began the quest for the Orb.
     0 | D:1      | Reached XP level 1. HP: 14/14 MP: 3/3
   843 | D:2      | Found a sacrificial altar of Ru.
   843 | D:2      | Found a glowing golden altar of the Shining One.
   891 | D:2      | Reached XP level 2. HP: 22/22 MP: 5/5
   897 | D:2      | Reached skill level 1 in Fighting
   901 | D:2      | Slain by a worm

Levels and vault maps discovered:
D:1:      nzn_arrival_depleted_hourglass, layout_basic
D:2:      layout_basic, gammafunk_temple_overflow_wave

Skill      XL: |  1  2 |
---------------+-------+-----
Fighting       | 1 |  1.0
Dodging        | |  1.7
Stealth        | |  1.7
Spellcasting   | |  2.2
Conjurations   | |  4.3

Action                   || total
-------------------------++-------
Melee: Dagger            ||     1
       Tailslap          ||     1
 Cast: Magic Dart        ||    25
Armor: Skin              ||     3
Dodge: Dodged            ||     3

Table legend:
 A = Non-vault XP
 B = Vault XP
 C = Vault XP percentage of total XP
 D = Non-vault monster count
 E = Vault monster count
 F = Vault count percentage of total count
                 A         B        C        D         E       F
            +---------+---------+-------+---------+---------+-------
      Total |      25 |       0 |   0.0 |      10 |       0 |   0.0
            +---------+---------+-------+---------+---------+-------
        D:1 |       8 |       0 |   0.0 |       6 |       0 |   0.0
        D:2 |      17 |       0 |   0.0 |       4 |       0 |   0.0
            +---------+---------+-------+---------+---------+-------
